 Dungeon Crawl Stone Soup version 0.29.1-12-g30fa7ad0bf (webtiles) character file.

Game seed: 6552556693755094172

26 hawla the Chiller (level 3, -1/26 HPs)
             Began as a Meteoran Ice Elementalist on Dec 15, 2022.
             Slain by a phantom (3 damage)
             ... on level 4 of the Dungeon.
             The game lasted 00:02:08 (512 turns).

hawla the Chiller (Meteoran Ice Elementalist)        Turns: 512, Time: 00:02:09

Health: -1/26      AC:  4    Str: 10    XL:     3   Next: 41%
Magic:  8/8        EV: 12    Int: 18    God:
Gold:   45         SH:  0    Dex: 14    Spells: 7/8 levels left

rFire   . . .      SeeInvis .   c - +0 long sword
rCold   . . .      Faith    .   (no shield)
rNeg    . . .      Spirit   .   a - +0 robe
rPois   .          Reflect  .   d - +2 hat
rElec   .          Harm     .   (no cloak)
rCorr   .          Rampage  .   (no gloves)
Will    .....                   (no boots)
Stlth   +.........              (no amulet)
HPRegen 0.08/turn               (no ring)
MPRegen 0.11/turn               (no ring)

@: attractive, glowing
A: sense surroundings 1, otherworldly, glowing, explore regen
a: no special abilities


You were on level 4 of the Dungeon.
You visited 1 branch of the dungeon, and saw 4 of its levels.

You collected 45 gold pieces.

Inventory:

Hand Weapons
 c - a +0 long sword (weapon)
Armour
 a - a +0 robe (worn)
 d - a +2 hat (worn)
 e - a +0 helmet
Jewellery
 g - a ring of ice
Potions
 b - 2 potions of magic


   Skills:
 + Level 2.4 Dodging
 - Level 1.4 Stealth
 + Level 3.0 Spellcasting
 + Level 5.2 Ice Magic


You had 7 spell levels left.
You knew the following spells:

 Your Spells              Type           Power      Damage    Failure   Level
a - Freeze                Ice            84%        1d10      1%          1

Your spell library contained the following spells:

 Spells                   Type           Power      Damage    Failure   Level
 Frozen Ramparts          Ice            42%        1d7       5%          3
 Ozocubu's Armour         Ice            21%        N/A       5%          3
 Sandblast                Erth           4%         2d4       16%         1
 Passwall                 Tmut/Erth      1%         N/A       24%         2
 Stone Arrow              Conj/Erth      4%         3d7       43%         3
 Hailstorm                Conj/Ice       12%        3d5       50%         4


Dungeon Overview and Level Annotations

Branches:
Dungeon (4/15) Zot: 1880
 Temple: D:4-7

Altars:


Innate Abilities, Weirdness & Mutations

You passively map a small area around you.
You are easily found by Zot.
You glow in the dark.
You regain HP and MP as you explore.


Message History

You hit the phantom.
The phantom is moderately damaged.
The phantom hits you but does no damage.
The phantom hits you.
You closely miss the phantom.
The phantom is moderately damaged.
The phantom barely misses you.
You hit the phantom.
The phantom is moderately damaged.
The phantom hits you but does no damage.
You closely miss the phantom.
The phantom is moderately damaged.
The phantom hits you.
The phantom blinks!
You blink.
The phantom hits you.
The phantom blinks!
You blink.
You closely miss the phantom.
The phantom is moderately damaged.
The phantom closely misses you.
You hit the phantom but do no damage.
The phantom is moderately damaged.
The phantom hits you but does no damage.
The phantom barely misses you.
You slash the phantom!
The phantom is severely damaged.
The phantom barely misses you.
You barely miss the phantom.
The phantom is severely damaged.
The phantom misses you.
You closely miss the phantom.
The phantom is severely damaged.
The phantom barely misses you. The phantom hits you.
* * * LOW HITPOINT WARNING * * *
The phantom blinks!
You blink.
You hit the phantom but do no damage.
The phantom is severely damaged.
The phantom hits you.
* * * LOW HITPOINT WARNING * * *
It was a potion of attraction.
You feel attractive to monsters. The phantom hits you.
You die...

## * * #. #. ** * #. * #.#,
..., #.# ** #.# ** #.#
...#.
##############.#######.....
.................W.........
...............#@##.§.....[
##..........§..#.##...# * ,
.......######.......[.#
.......# ####.#....#
################.#....#
≈~~~~~≈~#........#....#
..........########...[#*
~~~~~≈~~#....... ......#
################ #.#.#.#*


You could see a phantom.

Vanquished Creatures
  An ufetubus (D:4)
  5 orcs (D:4)
  A ball python (D:2)
  A giant cockroach (D:1)
  A hobgoblin (D:2)
  A quokka (D:2)
  2 bats (D:2)
  3 frilled lizards
  A kobold (D:2)
  A rat (D:2)
17 creatures vanquished.

Notes
Turn   | Place    | Note
-------+----------+-------------------------------------------
     0 | D:1      | hawla the Meteoran Ice Elementalist began the quest for the
                  | Orb.
     0 | D:1      | Reached XP level 1. HP: 14/14 MP: 5/5
   151 | D:2      | Reached XP level 2. HP: 20/20 MP: 4/6
   381 | D:4      | Reached skill level 5 in Ice Magic
   382 | D:4      | Reached XP level 3. HP: 19/26 MP: 8/8
   495 | D:4      | Noticed a phantom
   512 | D:4      | Slain by a phantom

Illustrated notes

Levels and vault maps discovered:
D:1:      spicycebolla_arrival_xxxplode, layout_loops_ring, chequers_arboretum,
          reono_crystal_passage
D:2:      layout_loops_cross, serial_co_window_serial, co_window_paths_b,
          co_window_corner_a, co_window_paths_b, co_window_cross_1,
          co_window_paths_b, co_window_of_opportunity_c, co_window_corner_b,
          co_window_2corner, co_window_2corner, co_window_corner_ca,
          co_window_paths_c, co_window_unsneaky_path_e, serial_shops,
          nicolae_square_shop, grunt_ministairs_11
D:3:      layout_basic, dreamdust_ecumenical_altar_drowned_temple, st_stairs_9,
          minmay_misc_feat_square, roderic_serpentine_path
D:4:      layout_basic, serial_rivers, chequers_serial_rivers_room_a,
          chequers_serial_rivers_micro_b, chequers_serial_rivers_large_a,
          chequers_serial_rivers_micro_d, amcnicky_mini_rare_corridor_liquid,
          minmay_crystal_room, patterned_corridor

Skill      XL: |  1  2  3 |
---------------+----------+-----
Ice Magic      | 5 |  5.2
Spellcasting   | 3 |  3.0
Dodging        | |  2.4
Stealth        | |  1.4

Action                   || total
-------------------------++-------
Melee: Long sword        ||    20
       Punch             ||     1
 Cast: Freeze            ||    19
  Use: Scroll            ||     1
       Potion            ||     1
Armor: Robe              ||    12
Dodge: Dodged            ||    25
